 Dungeon Crawl Stone Soup version 0.31-a0-1068-g5939ac1fb6 (webtiles) character file.

Game seed: 17968803100661904419

30 Gladio the Trooper (level 3, -4/29 HPs)
             Began as a Demonspawn Berserker on Nov 23, 2023.
             Was a Follower of Trog.
             Slain by Sigmund
             ... wielding a +0 scythe
              (9 damage)
             ... on level 2 of the Dungeon.
             The game lasted 00:01:27 (342 turns).

Gladio the Trooper (Demonspawn Berserker)            Turns: 342, Time: 00:01:27

Health: -4/29      AC:  8    Str: 19    XL:     3   Next: 3%
Magic:  3/3        EV:  8    Int:  8    God:    Trog [*.....]
Gold:   35         SH:  4    Dex: 12    Spells: 2/2 levels left

rFire   . .          .
                       - Unarmed
rCold   + . .        (no shield)
rNeg    . . .        d - +0 chain mail
rPois   .            (no helmet)
rElec   .            (no cloak)
rCorr   .            (no gloves)
SInv    .            (no boots)
Will    .....        (no amulet) Stlth
                     f - ring of protection from cold
HPRegen 0.24/turn    (no ring)
MPRegen 0.16/turn

%: no passive effects
@: on berserk cooldown, slowed, very slow
A: large bone plates 1, magic regeneration
a: Renounce Religion, Berserk


You were on level 2 of the Dungeon.
You worshipped Trog.
Trog was aware of your devotion.
You visited 1 branch of the dungeon, and saw 2 of its levels.

You collected 35 gold pieces.

Inventory:

Armour
 a - a +0 animal skin
 d - a +0 chain mail (worn)
Jewellery
 f - a ring of protection from cold (left hand)
Scrolls
 h - 3 scrolls of enchant armour {unknown}
Potions
 b - 2 potions of curing {unknown}
 c - a potion of haste {unknown}
 e - a potion of attraction {unknown}
 g - a potion of degeneration {unknown}


   Skills:
 + Level 3.3 Fighting
 - Level 1.7 Armour
 - Level 1.7 Dodging
 * Level 3.3 Unarmed Combat
 + Level 0.9 Shapeshifting


You had 2 spell levels left.
You didn't know any spells.
Your spell library was empty.

Dungeon Overview and Level Annotations

Branches:
Dungeon (1/15)

Altars:

Annotations:
D:2 Sigmund


Innate Abilities, Weirdness & Mutations

You are partially covered in large bone plates. (SH +4)
You regenerate magic rapidly.


Message History

You are exhausted.
You feel yourself slow down.
You bump into the rock wall.
You hear some strange, mumbled words.
You are more confused.
You bump into the rock wall.
Something hits you.
You closely miss something. Something hits you.
You're too confused to move!
Something hits you.
You miss something. Something hits you.
* * * LOW HITPOINT WARNING * * *
You bump into the rock wall.
Something hits you but does no damage.
You completely miss something.
You feel less confused. Something hits you but does no damage.
You barely miss something.
The rat twitches its whiskers.
Something hits you but does no damage.
You closely miss something.
You hear some strange, mumbled words.
A magic dart appears from out of thin air!
The magic dart hits you but does no damage.
You closely miss something. You block something's attack.
You hit something. Something hits you!
* * * LOW HITPOINT WARNING * * *
You barely miss something.
You hear some strange, mumbled words.
Something tries to affect you, but you resist.
You miss something.
You hear some strange, mumbled words.
A puff of flame appears from out of thin air!
The puff of flame hits you but does no damage.
Something hits you but does no damage.
You hit something but do no damage. Something hits you but does no damage.
You hit something but do no damage.
You hear some strange, mumbled words.
Something tries to affect you, but you resist.
You closely miss something. Something hits you but does no damage.
You hit something. Something hits you but does no damage.
You hit something. Something hits you!
You die...

#.... #.. ..[.
#.....#>. .....
#.....#.# .....
#.....#.#......
#.......#....
r.........# .
#r#.##. #### #
#{#.#..###..### .#
#@#.#.##......##.#
#.#.#....†##.....#
#.#.#....####.....
#.#.#....####.....
#...#.....##......
###...##......##..
#.#..###..### ..
#.#....#### .
#.#....... #


You could see a rat.

Vanquished Creatures
  3 adders (D:2)
  A giant cockroach (D:1)
  A kobold (D:1)
5 creatures vanquished.

Notes
Turn   | Place    | Note
-------+----------+-------------------------------------------
     0 | D:1      | Gladio the Demonspawn Berserker began the quest for the
                  | Orb.
     0 | D:1      | Reached XP level 1. HP: 18/18 MP: 1/1
    52 | D:1      | Found a faded altar of an unknown god.
   228 | D:1      | You fall into a shaft and drop 1 floor!
   237 | D:2      | Gained mutation: You are partially covered in large bone
                  | plates. (SH +4) [demonic ancestry]
   237 | D:2      | Reached XP level 2. HP: 24/24 MP: 2/2
   245 | D:2      | Gained mutation: You regenerate magic rapidly. [demonic
                  | ancestry]
   245 | D:2      | Reached XP level 3. HP: 27/29 MP: 3/3
   313 | D:2      | Noticed Sigmund
   342 | D:2      | Slain by Sigmund

Illustrated notes

Levels and vault maps discovered:
D:1:      amcnicky_arrival_wind_blow, layout_basic,
          hellmonk_ecumenical_altar_run_dry
D:2:      layout_basic, minmay_misc_feat_iff, uniq_sigmund,
          uniq_crazy_yiuf_cottage

Skill      XL: |  1 |
---------------+----+-----
Unarmed Combat | 3 |  3.3
Fighting       | |  3.3
Armour         | |  1.7
Dodging        | |  1.7
Shapeshifting  | |  0.9

Action                     || total
---------------------------++-------
  Melee: Unarmed           ||    39
         Punch             ||     2
 Invoke: Berserk           ||     2
 Armour: Chain mail        ||    32
  Dodge: Dodged            ||    14
  Block: Other             ||     3

Table legend: (Time is in decaauts)
 A = Elapsed time spent in this place.
 B = Non-inter-level travel time spent in this place.
 C = Inter-level travel time spent in this place.
 D = Time resting spent in this place.
 E = Time spent auto-exploring this place.
 F = Levels seen in this place.
 G = Mean time per level.
                   A        B        C        D        E       F      G
               +--------+--------+--------+--------+--------+-----+--------+
         Total |    349 |    349 |      0 |     38 |    217 |   2 |  174.5 |
       Dungeon |    349 |    349 |      0 |     38 |    217 |   2 |  174.5 |
               +--------+--------+--------+--------+--------+-----+--------+

Top non-repeatable levels by time:
     D:1: 226 daAuts
     D:2: 123 daAuts
